PA
YELLOWKNIFE DRAGONBLOOD @ IDAHO FALLS CHUKARS
05/01/2029
 
TOP OF THE 1ST
Yellowknife Dragonblood batting - Pitching for Idaho Falls Chukars : RHP Noah Beck
Pitching: RHP Noah Beck
Batting: RHB José García 0-0: Ball
1-0: Fly out, F4 (Line Drive, 4M)
Batting: RHB Juan López 0-0: Ball
1-0: Ground out 3-1 (Groundball, 34)
Batting: LHB Jayden Laming 0-0: Ball
1-0: Ground out 6-3 (Groundball, 6)
Top of the 1st over - 0 runs, 0 hits, 0 errors, 0 left on base; Yellowknife 0 - Idaho Falls 0
BOTTOM OF THE 1ST
Idaho Falls Chukars batting - Pitching for Yellowknife Dragonblood : RHP Shang-de Fu
Pitching: RHP Shang-de Fu
Batting: LHB Juan Rosado 0-0: Ball
1-0: Called Strike
1-1: Called Strike
1-2: Foul Ball, location: 2F
1-2: Foul Ball, location: 2F
1-2: Foul Ball, location: 2F
1-2: SINGLE (Flyball, 7S)
Batting: LHB Jared Morningstar 0-0: Fielders Choice at 2nd, 4-6 (Groundball, 34)
Batting: RHB Ilkka Haapajarvi 0-0: Called Strike
0-1: Ball
1-1: Reached on error, E6 (Groundball, 56)
Jared Morningstar to second
Batting: LHB Víctor Puente 0-0: Ball
1-0: Called Strike
1-1: 3-RUN HOME RUN (Flyball, 9LD), Distance : 364 ft
Batting: SHB Tony Manzanares 0-0: SINGLE (Groundball, 15S) (infield hit)
Batting: RHB Fytor Ceia 0-0: Ball
1-0: Ball
2-0: Grounds into double play, 1-6-3 (Groundball, P)
Bottom of the 1st over - 3 runs, 3 hits, 1 error, 0 left on base; Yellowknife 0 - Idaho Falls 3
TOP OF THE 2ND
Yellowknife Dragonblood batting - Pitching for Idaho Falls Chukars : RHP Noah Beck
Batting: RHB Mareka Naidoo 0-0: Hit by Pitch
Batting: LHB Santiago Miranda 0-0: Swinging Strike
0-1: Ball
1-1: Ball
2-1: DOUBLE (Flyball, 89D)
Mareka Naidoo to third
Batting: RHB Víctor Cuevas 0-0: Ground out 1-3 (Groundball, 13)
Batting: RHB Víctor Murguia 0-0: Ball
1-0: Ball
2-0: Ball
3-0: Base on Balls
Batting: RHB Cristo Cuervo 0-0: Fly out, F6 (Popup, 6)
Batting: RHB Andy Garnet 0-0: Called Strike
0-1: Fly out, F7 (Line Drive, 7)
Top of the 2nd over - 0 runs, 1 hit, 0 errors, 3 left on base; Yellowknife 0 - Idaho Falls 3
BOTTOM OF THE 2ND
Idaho Falls Chukars batting - Pitching for Yellowknife Dragonblood : RHP Shang-de Fu
Batting: SHB Ernesto Carrión 0-0: Called Strike
0-1: Swinging Strike
0-2: Ball
1-2: Strikes out swinging
Batting: RHB Yoichibei Chikafuji 0-0: Ball
1-0: DOUBLE (Line Drive, 78D)
Batting: RHB Luo-lang Li 0-0: Ball
Yoichibei Chikafuji steals 3rd base
1-0: Ball
2-0: Called Strike
2-1: Reached on error, E5 (Groundball, 56)
Yoichibei Chikafuji scores
Batting: LHB Juan Rosado 0-0: Ball
1-0: Ball
2-0: Ball
3-0: Hit by Pitch
Luo-lang Li to second
Batting: LHB Jared Morningstar 0-0: Ball
1-0: Swinging Strike
1-1: Called Strike
1-2: SINGLE (Groundball, 34D)
Luo-lang Li to third
Juan Rosado to second
Runner from 3rd tries for Home, throw and OUT!
Batting: RHB Ilkka Haapajarvi 0-0: Ball
1-0: Called Strike
1-1: Ground out 6-3 (Groundball, 6MS)
Bottom of the 2nd over - 1 run, 2 hits, 1 error, 2 left on base; Yellowknife 0 - Idaho Falls 4
TOP OF THE 3RD
Yellowknife Dragonblood batting - Pitching for Idaho Falls Chukars : RHP Noah Beck
Batting: RHB José García 0-0: Ball
1-0: Foul Ball, location: 2F
1-1: Called Strike
1-2: Strikes out swinging
Batting: RHB Juan López 0-0: Foul Ball, location: 2F
0-1: Ball
1-1: Swinging Strike
1-2: Foul Ball, location: 2F
1-2: Ball
2-2: Ground out 6-3 (Groundball, 6)
Batting: LHB Jayden Laming 0-0: Ground out 3-1 (Groundball, 34)
Top of the 3rd over - 0 runs, 0 hits, 0 errors, 0 left on base; Yellowknife 0 - Idaho Falls 4
BOTTOM OF THE 3RD
Idaho Falls Chukars batting - Pitching for Yellowknife Dragonblood : RHP Shang-de Fu
Batting: LHB Víctor Puente 0-0: SINGLE (Groundball, 3D)
Batting: SHB Tony Manzanares 0-0: Ball
1-0: Foul Ball, location: 2F
1-1: Called Strike
1-2: Ball
2-2: Ball
3-2: Fielders Choice at 2nd, 2-4 (Groundball, 2L)
Batting: RHB Fytor Ceia 0-0: Called Strike
0-1: Called Strike
0-2: Ball
1-2: Ball
2-2: Ball
3-2: Strikes out swinging
Batting: SHB Ernesto Carrión 0-0: Ball
1-0: Ball
2-0: Ball
3-0: Swinging Strike
3-1: Base on Balls
Tony Manzanares to second
Batting: RHB Yoichibei Chikafuji 0-0: Ball
1-0: Called Strike
1-1: Swinging Strike
1-2: Strikes out swinging
Bottom of the 3rd over - 0 runs, 1 hit, 0 errors, 2 left on base; Yellowknife 0 - Idaho Falls 4
TOP OF THE 4TH
Yellowknife Dragonblood batting - Pitching for Idaho Falls Chukars : RHP Noah Beck
Batting: RHB Mareka Naidoo 0-0: Ball
1-0: Fly out, F8 (Flyball, 8RD)
Batting: LHB Santiago Miranda 0-0: Ball
1-0: Called Strike
1-1: Ball
2-1: Swinging Strike
2-2: Ball
3-2: Base on Balls
Batting: RHB Víctor Cuevas 0-0: Called Strike
0-1: Swinging Strike
0-2: Ball
1-2: Foul Ball, location: 2F
1-2: Strikes out swinging
Batting: RHB Víctor Murguia 0-0: Called Strike
0-1: Ball
1-1: Foul Ball, location: 2F
1-2: Ball
2-2: Ball
3-2: Fly out, F6 (Line Drive, 6)
Top of the 4th over - 0 runs, 0 hits, 0 errors, 1 left on base; Yellowknife 0 - Idaho Falls 4
BOTTOM OF THE 4TH
Idaho Falls Chukars batting - Pitching for Yellowknife Dragonblood : RHP Shang-de Fu
Batting: RHB Luo-lang Li 0-0: Ball
1-0: Ground out 4-3 (Groundball, 4)
Batting: LHB Juan Rosado 0-0: Called Strike
0-1: Foul Ball, location: 2F
0-2: Fly out, F7 (Flyball, 7LM)
Batting: LHB Jared Morningstar 0-0: Ball
1-0: Ball
2-0: Fly out, F4 (Line Drive, 4)
Bottom of the 4th over - 0 runs, 0 hits, 0 errors, 0 left on base; Yellowknife 0 - Idaho Falls 4
TOP OF THE 5TH
Yellowknife Dragonblood batting - Pitching for Idaho Falls Chukars : RHP Noah Beck
Batting: RHB Cristo Cuervo 0-0: Ball
1-0: Ball
2-0: Ground out 6-3 (Groundball, 6)
Batting: RHB Andy Garnet 0-0: Called Strike
0-1: Swinging Strike
0-2: SOLO HOME RUN (Flyball, 9LD), Distance : 375 ft
Batting: RHB José García 0-0: Ball
1-0: Ball
2-0: Called Strike
2-1: Fly out, F9 (Flyball, 9LS)
Batting: RHB Juan López 0-0: Ball
1-0: Ground out 5-3 (Groundball, 56)
Top of the 5th over - 1 run, 1 hit, 0 errors, 0 left on base; Yellowknife 1 - Idaho Falls 4
BOTTOM OF THE 5TH
Idaho Falls Chukars batting - Pitching for Yellowknife Dragonblood : RHP Shang-de Fu
Batting: RHB Ilkka Haapajarvi 0-0: Ball
1-0: Called Strike
1-1: Ball
2-1: Foul Ball, location: 2F
2-2: Foul Ball, location: 2F
2-2: Fly out, F8 (Flyball, 8LD)
Batting: LHB Víctor Puente 0-0: Foul Ball, location: 2F
0-1: SINGLE (Line Drive, 34)
Batting: SHB Tony Manzanares 0-0: Called Strike
0-1: Ball
1-1: DOUBLE (Flyball, 78XD)
Víctor Puente to third
Batting: RHB Fytor Ceia 0-0: Swinging Strike
0-1: Swinging Strike
0-2: Ball
1-2: Strikes out swinging
Batting: SHB Ernesto Carrión 0-0: Foul Ball, location: 2F
0-1: Foul Ball, location: 2F
0-2: Ball
1-2: Foul Ball, location: 2F
1-2: Foul Ball, location: 2F
1-2: Ball
2-2: Foul Ball, location: 2F
2-2: Ground out 4-3 (Groundball, 4M)
Bottom of the 5th over - 0 runs, 2 hits, 0 errors, 2 left on base; Yellowknife 1 - Idaho Falls 4
TOP OF THE 6TH
Yellowknife Dragonblood batting - Pitching for Idaho Falls Chukars : RHP Noah Beck
Batting: LHB Jayden Laming 0-0: Ball
1-0: Swinging Strike
1-1: SINGLE (Groundball, 6D)
Batting: RHB Mareka Naidoo 0-0: Called Strike
0-1: Ball
1-1: Ball
2-1: Foul Ball, location: 2F
2-2: SINGLE (Groundball, 34S) (infield hit)
Jayden Laming to second
Batting: LHB Santiago Miranda 0-0: Swinging Strike
0-1: Ball
1-1: Fly out, F7 (Line Drive, 78M)
Batting: RHB Víctor Cuevas 0-0: Ball
1-0: Foul Ball, location: 2F
1-1: Ball
2-1: Ball
3-1: Swinging Strike
3-2: Base on Balls
Jayden Laming to third
Mareka Naidoo to second
Batting: RHB Víctor Murguia 0-0: Called Strike
0-1: Ball
1-1: Fielders Choice at 2nd, 6-4 (Groundball, 6)
Jayden Laming scores
Mareka Naidoo to third
Batting: RHB Cristo Cuervo 0-0: Called Strike
0-1: Called Strike
0-2: Strikes out swinging
Top of the 6th over - 1 run, 2 hits, 0 errors, 2 left on base; Yellowknife 2 - Idaho Falls 4
BOTTOM OF THE 6TH
Idaho Falls Chukars batting - Pitching for Yellowknife Dragonblood : RHP Shang-de Fu
Batting: RHB Yoichibei Chikafuji 0-0: Ball
1-0: Foul Ball, location: 2F
1-1: Called Strike
1-2: Ground out 6-3 (Groundball, 56)
Batting: RHB Luo-lang Li 0-0: Ball
1-0: Ball
2-0: Ground out 5-3 (Groundball, 56)
Batting: LHB Juan Rosado 0-0: Fly out, F9 (Flyball, 89M)
Bottom of the 6th over - 0 runs, 0 hits, 0 errors, 0 left on base; Yellowknife 2 - Idaho Falls 4
TOP OF THE 7TH
Yellowknife Dragonblood batting - Pitching for Idaho Falls Chukars : RHP Noah Beck
Batting: RHB Andy Garnet 0-0: Ball
1-0: Foul Ball, location: 2F
1-1: SINGLE (Line Drive, 6D)
Batting: RHB José García 0-0: Ball
1-0: Ball
2-0: Bunt missed!
2-1: Ball
3-1: Bunted foul
3-2: Fly out, F4 (Popup, 34)
Batting: RHB Juan López 0-0: Ball
1-0: Ball
2-0: Swinging Strike
2-1: Swinging Strike
Andy Garnet steals 2nd base
2-2: Ball
3-2: Base on Balls
Batting: LHB Jayden Laming 0-0: Ball
1-0: Ball
2-0: Swinging Strike
2-1: Swinging Strike
2-2: Foul Ball, location: 2F
2-2: Strikes out swinging
Batting: RHB Mareka Naidoo 0-0: Ball
1-0: Called Strike
1-1: SINGLE (Flyball, 7S)
Andy Garnet to third
Juan López to second
Runner from 3rd tries for Home, SAFE, no throw
Batting: LHB Santiago Miranda 0-0: Ball
1-0: Fly out, F4 (Flyball, 34D)
Top of the 7th over - 1 run, 2 hits, 0 errors, 2 left on base; Yellowknife 3 - Idaho Falls 4
BOTTOM OF THE 7TH
Idaho Falls Chukars batting - Pitching for Yellowknife Dragonblood : RHP Shang-de Fu
Batting: LHB Jared Morningstar 0-0: Called Strike
0-1: Ball
1-1: Swinging Strike
1-2: SINGLE (Flyball, 8RS)
Batting: RHB Ilkka Haapajarvi 0-0: Ball
1-0: Called Strike
1-1: Called Strike
1-2: Foul Ball, location: 2F
1-2: Strikes out swinging
Pitching: LHP Roberto Muñóz
Batting: LHB Víctor Puente 0-0: SINGLE (Flyball, 7LS)
Jared Morningstar to second
Batting: SHB Tony Manzanares 0-0: Called Strike
0-1: Ball
1-1: SINGLE (Line Drive, 78S)
Jared Morningstar to third
Víctor Puente to second
Batting: RHB Fytor Ceia 0-0: Called Strike
0-1: Ball
1-1: Ball
2-1: Ball
3-1: SINGLE (Groundball, 56D)
Jared Morningstar scores
Víctor Puente to third
Tony Manzanares to second
Runner from 3rd tries for Home, SAFE, no throw
Batting: SHB Ernesto Carrión 0-0: Foul Ball, location: 2F
0-1: Ball
1-1: Ball
2-1: Swinging Strike
2-2: Ball
3-2: Foul Ball, location: 2F
3-2: Base on Balls
Tony Manzanares to third
Fytor Ceia to second
Batting: RHB Yoichibei Chikafuji 0-0: Called Strike
0-1: Ball
1-1: Hit by Pitch
Tony Manzanares scores
Fytor Ceia to third
Ernesto Carrión to second
Pitching: RHP Hasegawa Shoin
Batting: RHB Luo-lang Li 0-0: Ball
1-0: Foul Ball, location: 2F
1-1: Fly out, F9 (Flyball, 89XD)
Runner from 3rd tags up, SCORES, no throw
Ernesto Carrión to third
Batting: LHB Juan Rosado 0-0: Foul Ball, location: 2F
0-1: Foul Ball, location: 2F
0-2: Ball
1-2: Strikes out looking
Bottom of the 7th over - 4 runs, 4 hits, 0 errors, 2 left on base; Yellowknife 3 - Idaho Falls 8
TOP OF THE 8TH
Yellowknife Dragonblood batting - Pitching for Idaho Falls Chukars : RHP Noah Beck
Pitching: RHP Raúl Sánchez
Now in LF: Wulf Paauwe
Batting: RHB Víctor Cuevas 0-0: Ball
1-0: Ball
2-0: Ground out 1-3 (Groundball, 15)
Batting: RHB Víctor Murguia 0-0: Called Strike
0-1: Ball
1-1: Foul Ball, location: 2F
1-2: Foul Ball, location: 2F
1-2: Foul Ball, location: 2F
1-2: Foul Ball, location: 2F
1-2: Ball
2-2: Ball
3-2: Foul Ball, location: 2F
3-2: Base on Balls
Batting: RHB Cristo Cuervo 0-0: Called Strike
0-1: Ball
1-1: Grounds into double play, 6-4-3 (Groundball, 6)
Top of the 8th over - 0 runs, 0 hits, 0 errors, 0 left on base; Yellowknife 3 - Idaho Falls 8
BOTTOM OF THE 8TH
Idaho Falls Chukars batting - Pitching for Yellowknife Dragonblood : RHP Hasegawa Shoin
Batting: LHB Jared Morningstar 0-0: Called Strike
0-1: Foul Ball, location: 2F
0-2: Strikes out looking
Batting: RHB Ilkka Haapajarvi 0-0: Foul Ball, location: 2F
0-1: Swinging Strike
0-2: Strikes out swinging
Batting: LHB Víctor Puente 0-0: Ball
1-0: Ball
2-0: SOLO HOME RUN (Flyball, 9LD), Distance : 349 ft
Batting: SHB Tony Manzanares 0-0: Ball
1-0: Reached on error, E7 (Flyball, 7S)
Batting: RHB Fytor Ceia 0-0: Ball
1-0: Called Strike
1-1: Fly out, F9 (Flyball, 9LD)
Bottom of the 8th over - 1 run, 1 hit, 1 error, 1 left on base; Yellowknife 3 - Idaho Falls 9
TOP OF THE 9TH
Yellowknife Dragonblood batting - Pitching for Idaho Falls Chukars : RHP Raúl Sánchez
Batting: RHB Andy Garnet 0-0: Foul Ball, location: 2F
0-1: Ball
1-1: SINGLE (Groundball, 6D)
Batting: RHB José García 0-0: Ball
1-0: Called Strike
1-1: Foul Ball, location: 2F
1-2: Ball
2-2: Ball
3-2: SINGLE (Line Drive, 3)
Andy Garnet to second
Batting: RHB Juan López 0-0: Swinging Strike
0-1: Foul Ball, location: 2F
0-2: Fly out, F8 (Flyball, 8LM)
Batting: LHB Jayden Laming 0-0: Called Strike
0-1: Fielders Choice at 2nd, 4-6 (Groundball, 4)
Andy Garnet to third
Batting: RHB Mareka Naidoo 0-0: Called Strike
0-1: Called Strike
0-2: Fly out, F7 (Line Drive, 78M)
Top of the 9th over - 0 runs, 2 hits, 0 errors, 2 left on base; Yellowknife 3 - Idaho Falls 9
Tuesday, December 19th, 2017 - OOTP Baseball 18.8 Build 76